 Dungeon Crawl Stone Soup version 0.29.1-12-g30fa7ad0bf (webtiles) character file.

Game seed: 1065071982475738951

12 venomsnake the Poker (level 2, -1/27 HPs)
             Began as a Minotaur Berserker on Jan 13, 2023.
             Was a Follower of Trog.
             Killed from afar by a dart slug (4 damage)
             ... with a slug dart
             ... on level 2 of the Dungeon.
             The game lasted 00:01:23 (529 turns).

venomsnake the Poker (Minotaur Berserker)            Turns: 529, Time: 00:01:23

Health: -1/27      AC:  2    Str: 21    XL:     2   Next: 20%
Magic:  1/1        EV: 12    Int:  4    God:    Trog [*.....]
Gold:   13         SH:  0    Dex:  9    Spells: 1/1 levels left

rFire   . . .      SeeInvis .   a - +0 spear
rCold   . . .      Faith    .   (no shield)
rNeg    . . .      Spirit   .   b - +0 animal skin
rPois   .          Reflect  .   (helmet restricted)
rElec   .          Harm     .   (no cloak)
rCorr   .          Rampage  .   (no gloves)
Will    .....                   (no boots)
Stlth   +.........              (no amulet)
HPRegen 0.09/turn               (no ring)
MPRegen 0.07/turn               (no ring)

@: no status effects
A: horns 2, retaliatory headbutt
a: Renounce Religion, Berserk


You were on level 2 of the Dungeon.
You worshipped Trog.
Trog was aware of your devotion.
You visited 1 branch of the dungeon, and saw 2 of its levels.

You collected 13 gold pieces.

Inventory:

Hand Weapons
 a - a +0 spear (weapon)
Armour
 b - a +0 animal skin (worn)
Jewellery
 d - a ring of fire
Scrolls
 c - a scroll of identify {unknown}
Potions
 e - a potion of flight {unknown}


   Skills:
 + Level 3.8 Fighting
 + Level 3.9 Polearms
 + Level 2.7 Armour
 + Level 2.5 Dodging


You had one spell level left.
You didn't know any spells.
Your spell library was empty.

Dungeon Overview and Level Annotations

Branches:
Dungeon (2/15)

Altars:


Innate Abilities, Weirdness & Mutations

You have a pair of horns on your head.
You reflexively headbutt those who attack you in melee.


Message History

You kill the rat!
Trog accepts your kill.
The rat twitches its whiskers.
The rat misses you. You furiously retaliate!
You headbutt the rat!
You kill the rat!
Trog accepts your kill. The rat bites you but does no damage.
The rat bites you but does no damage.
The dart slug bites you but does no damage.
The rat bites you but does no damage. The dart slug closely misses you.
The rat barely misses you. The dart slug bites you. The rat bites you.
The rat closely misses you. The dart slug closely misses you.
You furiously retaliate!
You headbutt the dart slug. The rat barely misses you.
The dart slug bites you but does no damage.
The rat bites you. The rat bites you.
* * * LOW HITPOINT WARNING * * *
The dart slug closely misses you. The rat bites you but does no damage.
The dart slug bites you.
* * * LOW HITPOINT WARNING * * *
The rat barely misses you. The rat barely misses you. You furiously retaliate!
You headbutt the rat.
You kill the rat!
Trog accepts your kill. The dart slug launches a dart at you.
The slug dart hits you.
* * * LOW HITPOINT WARNING * * *
The dart slug launches a dart at you. The slug dart hits you.
* * * LOW HITPOINT WARNING * * *
The dart slug barely misses you. The dart slug launches a dart at you.
The slug dart misses you. The dart slug bites you.
* * * LOW HITPOINT WARNING * * *
The dart slug launches a dart at you. The slug dart hits you.
You die...

####..........
#.............
#.#...........
.............
#...........
#...........
#.†.w.......
#..@........
#.########..
#.# #.#
#.#####
#.#...#
#.#.#.#
#...#.#
#####.#


You could see a dart slug.

Vanquished Creatures
  2 ball pythons
  2 bats (D:1)
  3 jackals (D:1)
  4 rats (D:2)
11 creatures vanquished.

Notes
Turn   | Place    | Note
-------+----------+-------------------------------------------
     0 | D:1      | venomsnake the Minotaur Berserker began the quest for the
                  | Orb.
     0 | D:1      | Reached XP level 1. HP: 19/19 MP: 0/0
   450 | D:1      | Reached XP level 2. HP: 27/27 MP: 1/1
   529 | D:2      | Killed from afar by a dart slug

Illustrated notes

Levels and vault maps discovered:
D:1:      dpeg_arrival_circle_labyrinth_a, layout_rooms,
          shapermc_ecumenical_altar_mp_ritualfount
D:2:      layout_basic, uniq_jessica, uniq_natasha

Action                   || total
-------------------------++-------
Melee: Spear             ||     2
       Punch             ||     1
Armor: Animal skin       ||    25
Dodge: Dodged            ||    63
